 Dungeon Crawl Stone Soup version 0.18-a0-1649-g8d9735b (webtiles) character file.

92 manon the Skirmisher (level 4, -1/41 HPs)
             Began as a Hill Orc Fighter on Mar 29, 2016.
             Slain by a gnoll (3 damage)
             ... on level 2 of the Dungeon.
             The game lasted 00:12:34 (2122 turns).

manon the Skirmisher (Hill Orc Fighter)             Turns: 2122, Time: 00:12:36

Health: -1/41      AC:  6    Str: 19    XL:     4   Next: 60%
Magic:  4/4        EV:  7    Int:  8    God:
Gold:   156        SH:  9    Dex: 10    Spells: 1 memorised, 1 level left

rFire  . . .     SeeInvis .     a - +0 war axe
rCold  . . .     Gourm    .     o - +0 scale mail
rNeg   . . .     Faith    .     c - +0 shield
rPois  .         Spirit   .     (no helmet)
rElec  .         Dismiss  .     (no cloak)
rCorr  +         Reflect  .     (no gloves)
SustAt .         Harm     .     (no boots)
MR     .....                    (no amulet)
Stlth  ..........               (no ring)
                                m - ring of resist corrosion

@: drained, not resistant to hostile enchantments, extremely unstealthy
A: no striking features
a: no special abilities


You were on level 2 of the Dungeon.
You were not hungry.

You visited 1 branch of the dungeon, and saw 3 of its levels.

You collected 156 gold pieces.

Inventory:

Hand Weapons
 a - a +0 war axe (weapon)
 b - a +0 hand crossbow
 r - a +0 mace
Missiles
 p - a throwing net (quivered)
Armour
 c - a +0 shield (worn)
 o - a +0 scale mail (worn)
Jewellery
 g - an uncursed ring of ice
 h - an uncursed amulet of harm
 m - a ring of resist corrosion (left hand)
Scrolls
 e - a scroll of enchant armour {unknown}
 i - a scroll of recharging {unknown}
 j - 2 scrolls of remove curse {unknown}
 l - a scroll of identify {unknown}
 n - a scroll of blinking {unknown}
Potions
 d - 2 potions of might
 q - a potion of curing {unknown}
 s - a potion of brilliance {unknown}
Books
 t - a book of Air

   Spells                             Type                      Level
   a - Shock                          Conjuration/Air              1
   b - Swiftness                      Charms/Air                   2
   c - Repel Missiles                 Charms/Air                   2
   d - Static Discharge               Conjuration/Air              3
   e - Lightning Bolt                 Conjuration/Air              5
Comestibles
 f - 2 bread rations
 k - a beef jerky


   Skills:
 * Level 4.6(4.0) Fighting
 * Level 3.6(3.1) Axes
 * Level 3.8(3.2) Armour
 * Level 3.9(3.3) Shields
 + Level 0.5(0.0) Charms
 + Level 0.1(0.0) Air Magic


You had one spell level left.
You knew the following spells:

 Your Spells              Type           Power        Failure   Level  Hunger
a - Repel Missiles        Chrm/Air       #.....       100%        2    ###....


Dungeon Overview and Level Annotations

Branches:
Dungeon (3/15)

Altars:
Fedhas
Makhleb
Sif Muna

Annotations:
D:2 exclusion: oklob plant
D:3 Robin


Message History

You slash the gnoll!
The gnoll is heavily wounded.
You hit the gnoll but do no damage. The gnoll barely misses you.
The gnoll hits you with a spear.
Your scale mail prevents you from hitting the gnoll.
The gnoll is heavily wounded.
You slash the gnoll!
The gnoll is severely wounded.
The gnoll hits you. The gnoll hits you with a spear.
* * * LOW HITPOINT WARNING * * *
The gnoll hits you.
* * * LOW HITPOINT WARNING * * *
You closely miss the gnoll.
The gnoll is heavily wounded.
Your scale mail prevents you from hitting the gnoll.
The gnoll is severely wounded.
The gnoll hits you with a spear.
* * * LOW HITPOINT WARNING * * *
The gnoll hits you.
You die... .# .%PPPPPP.P.##P###P# #.# .# P%.PPP.P#PP#PP# .# #.# .# P%#PPPP.PP#P#P .# #.# .# PP..PPPP#P#P PP

P# #.# .# ################ #.#
.#######.###..##.##.# #.#
..............##.##.### #.#
######....)...gg)##...# ####.#
#.#.###..##@###..# #....# #.#.#
##.##g##.#.## #.####
#.#.####.##.#.##..## #.#
######.#.##...........#.# #.#
.........[.......#.#...####.####
######.........#.##............#
#.........#.###.)#####.##.#
#...........# ##.# #.##.# #
##........### #.# #.##.#


You could see 2 gnolls and a goblin.

Vanquished Creatures
  A hound (D:2)
  A gnoll (D:2)
  2 dart slugs (D:1)
  8 giant cockroaches
  5 hobgoblins
  A ball python (D:1)
  4 bats
  12 goblins
  7 kobolds
  4 rats
45 creatures vanquished.

Notes
Turn   | Place    | Note
--------------------------------------------------------------
     0 | D:1      | manon the Hill Orc Fighter began the quest for the Orb.
     0 | D:1      | Reached XP level 1. HP: 19/19 MP: 1/1
    99 | D:1      | Reached XP level 2. HP: 27/27 MP: 2/2
   279 | D:1      | Reached skill level 4 in Fighting
   539 | D:1      | Reached XP level 3. HP: 33/33 MP: 3/3
  1454 | D:2      | Found a blossoming altar of Fedhas.
  1476 | D:2      | Noticed an oklob plant
  1617 | D:2      | Found a deep blue altar of Sif Muna.
  1746 | D:2      | Learned a level 2 spell: Repel Missiles
  1750 | D:2      | Found a burning altar of Makhleb.
  1757 | D:2      | Reached XP level 4. HP: 28/41 MP: 4/4
  1964 | D:3      | Noticed Robin
  2122 | D:2      | HP: 2/41 [gnoll/spear (5)]
  2122 | D:2      | Slain by a gnoll

Vault maps used:
D:1:      sevenhm_arrival_forest_fort_small_6, minmay_misc_feat_rugged,
          nrook_uturn
D:2:      makhleb_heckhound_becter, lemuel_round_altar,
          nicolae_overflow_hidden_temple, tgw_fedhas
D:3:      lemuel_coloured_pillars_altar, uniq_robin

Skill      XL: |  1  2 |
---------------+-------+-----
Axes           | 3 |  3.6
Fighting       | 4 |  4.6
Armour         | |  3.8
Shields        | |  3.9
Charms         | |  0.5
Air Magic      | |  0.1

Action                   |  1- 3 |  4- 6 || total
-------------------------+-------+-------++-------
Melee: War axe           |   143 |    21 ||   164
  Eat: Chunk             |     2 |     1 ||     3
       Beef jerky        |       |     1 ||     1
